 Dungeon Crawl Stone Soup version 0.27.0 (webtiles) character file.

Game seed: 15685527814247592064

37 mainiacjoe the Skirmisher (level 3, -4/33 HPs)
             Began as a Minotaur Monk on July 31, 2021.
             Slain by a phantom (8 damage)
             ... on level 4 of the Dungeon.
             The game lasted 00:01:46 (862 turns).

mainiacjoe the Skirmisher (Minotaur Monk)            Turns: 862, Time: 00:01:47

Health: -4/33      AC:  2    Str: 16    XL:     3   Next: 21%
Magic:  2/2        EV: 13    Int:  7    God:
Gold:   71         SH:  0    Dex: 12    Spells: 2/2 levels left

rFire    . . .     SeeInvis .   j - +0 trident
rCold    . . .     Faith    .   (no shield)
rNeg     . . .     Spirit   .   b - +0 robe
rPois    .         Reflect  .   (helmet restricted)
rElec    .         Harm     .   (no cloak)
rCorr    .         Rampage  .   (no gloves)
Will     .....                  (no boots)
Stlth    ++........             (no amulet)
HPRegen  0.11/turn              (no ring)
MPRegen  0.08/turn              (no ring)

@: no status effects
A: horns 2, retaliatory headbutt
a: no special abilities


You were on level 4 of the Dungeon.
You visited 1 branch of the dungeon, and saw 4 of its levels.

You collected 71 gold pieces.

Inventory:

Hand Weapons
 a - a +0 hand axe
 j - a +0 trident (weapon)
Missiles
 c - 36 stones (quivered)
 g - 19 sling bullets
 i - 4 atropa-tipped darts {=F}
Armour
 b - a +0 robe (worn)
Scrolls
 d - a scroll of noise {unknown}
 e - a scroll of identify {unknown}
Potions
 f - 2 potions of flight {unknown}
 h - 3 potions of berserk rage {unknown}


   Skills:
 + Level 4.1 Fighting
 + Level 4.0 Axes
 + Level 3.7 Dodging
 + Level 2.1 Stealth


You had 2 spell levels left.
You didn't know any spells.
Your spell library contained the following spells:

 Spells                   Type           Power      Damage    Failure   Level
 Sandblast                Erth           0%         2d4       43%         1
 Passwall                 Tmut/Erth      0%         N/A       56%         2
 Lee's Rapid Deconstruct  Erth           0%         3d5*      100%        5


Dungeon Overview and Level Annotations

Branches:
Dungeon (4/15)
 Temple: D:4-7

Altars:


Innate Abilities, Weirdness & Mutations

You have a pair of horns on your head.
You reflexively headbutt those who attack you in melee.


Message History

You hit the hobgoblin. Your headbutt misses the hobgoblin.
The hobgoblin is severely wounded.
You hit the phantom but do no damage. The phantom hits you.
You barely miss the phantom. The phantom hits you.
You barely miss the phantom.
You headbutt the phantom, but do no damage.
The phantom misses you.
You hit the phantom.
You headbutt the phantom, but do no damage.
The phantom is lightly damaged.
The phantom hits you.
You are too injured to fight recklessly!
You closely miss the phantom.
The phantom is lightly damaged.
The phantom hits you but does no damage.
The phantom hits you!
* * * LOW HITPOINT WARNING * * *
The phantom blinks!
You hit the phantom.
The phantom is moderately damaged.
The phantom closely misses you.
You completely miss the phantom. Your headbutt misses the phantom.
The phantom is moderately damaged.
The phantom hits you.
* * * LOW HITPOINT WARNING * * *
The phantom blinks!
You blink.
The phantom hits you.
* * * LOW HITPOINT WARNING * * *
The phantom blinks!
You blink.
The phantom barely misses you. You furiously retaliate!
You headbutt the phantom.
The phantom hits you but does no damage.
You are too injured to fight recklessly!
You are too injured to fight recklessly!
You are too injured to fight recklessly!
You are too injured to fight recklessly!
You hit the phantom.
The phantom is heavily damaged.
The phantom hits you!
You die...

######### ##.<.#...##
##.....W...##
#.....).@...####
#...........#...
#.†...........#. #
##................
....###...#..g#.####...
>.(....................
....########.##.#### ..
#..#.# ##.#.#


You could see a phantom and a hobgoblin.

Vanquished Creatures
  2 dart slugs
  4 ball pythons
  4 bats
  3 goblins
  A hobgoblin (D:1)
  4 jackals (D:1)
  2 kobolds (D:1)
  4 quokkas
  4 rats (D:1)
28 creatures vanquished.

Notes
Turn   | Place    | Note
-------+----------+-------------------------------------------
     0 | D:1      | mainiacjoe the Minotaur Monk began the quest for the Orb.
     0 | D:1      | Reached XP level 1. HP: 19/19 MP: 0/0
    10 | D:1      | Noticed an ogre
    92 | D:1      | Reached XP level 2. HP: 27/27 MP: 1/1
   179 | D:1      | Found a faded altar of an unknown god.
   556 | D:3      | Reached XP level 3. HP: 33/33 MP: 2/2
   834 | D:4      | Noticed a phantom
   841 | D:4      | Noticed a necrophage
   862 | D:4      | Slain by a phantom

Illustrated notes

Levels and vault maps discovered:
D:1:      evilmike_arrival_come_back, layout_basic,
          dreamdust_ecumenical_altar_grove
D:2:      layout_basic, grunt_decor_fettered, kennysheep_generic_room_13
D:3:      layout_basic, minmay_pentangle, uniq_crazy_yiuf_cottage
D:4:      layout_rooms, mainiacjoe_overflow_brackets,
          minmay_temple_entry_large_hall, corner_web_ring, uniq_pikel

Skill      XL: |  1  2 |
---------------+-------+-----
Fighting       | 4 |  4.1
Stealth        | 2 |  2.1
Axes           | 4 |  4.0
Dodging        | |  3.7

Action                   || total
-------------------------++-------
Melee: Hand axe          ||    39
       Headbutt          ||     7
       Trident           ||    11
Throw: Stone             ||    81
Armor: Robe              ||    15
Dodge: Dodged            ||    31
